 Dungeon Crawl Stone Soup version 0.28.0 (webtiles) character file.

Game seed: 3243848128117762050

1961 Sanktem7 the Carver (level 9, -24/79 HPs)
             Began as a Minotaur Fighter on Feb 11, 2022.
             Killed from afar by Maggie (25 damage)
             ... with a bolt of fire
             ... on level 6 of the Dungeon.
             The game lasted 00:11:22 (5759 turns).

Sanktem7 the Carver (Minotaur Fighter)              Turns: 5759, Time: 00:11:23

Health: -24/79     AC: 16    Str: 30    XL:     9   Next: 0%
Magic:  8/8        EV:  9    Int:  5    God:
Gold:   215        SH:  4    Dex: 11    Spells: 8/8 levels left

rFire   x . .      SeeInvis .   n - +3 scimitar
rCold   + . .      Faith    .   c - +0 buckler
rNeg    . . .      Spirit   .   e - +0 chain mail
rPois   .          Reflect  .   (helmet restricted)
rElec   .          Harm     .   (no cloak)
rCorr   .          Rampage  .   h - +2 pair of gloves
Will    .....                   (no boots)
Stlth   ..........              (no amulet)
HPRegen 0.23/turn               j - +6 ring of strength
MPRegen 0.11/turn               q - ring of ice

@: no status effects
A: horns 2, retaliatory headbutt, iridescent scales 1, mutation resistance 1
a: no special abilities


You were on level 6 of the Dungeon.
You visited 1 branch of the dungeon, and saw 6 of its levels.

You collected 215 gold pieces.

Inventory:

Hand Weapons
 a - a +0 long sword
 n - a +3 scimitar (weapon)
Armour
 b - a +1 scale mail
 c - a +0 buckler (worn)
 e - a +0 chain mail (worn)
 h - a +2 pair of gloves (worn)
Jewellery
 j - a +6 ring of strength (left hand)
 q - a ring of ice (right hand)
 s - an amulet of magic regeneration
Wands
 l - a wand of acid (16)
 m - a wand of polymorph (7)
Scrolls
 f - 4 scrolls of enchant armour
 g - 3 scrolls of identify
 i - a scroll of enchant weapon
 o - a scroll of fear
 p - a scroll of torment {unknown}
Potions
 d - 3 potions of might


   Skills:
 * Level 7.0 Fighting
 * Level 10.1 Long Blades
 * Level 8.5 Armour
 + Level 1.5 Dodging
 - Level 3.6 Shields


You had 8 spell levels left.
You didn't know any spells.
Your spell library contained the following spells:

 Spells                   Type           Power      Damage    Failure   Level
 Foxfire                  Conj/Fire      0%         2x1d4     96%         1
 Slow                     Hex            0%         N/A       96%         1
 Sting                    Tmut/Pois      0%         1d3       96%         1
 Summon Small Mammal      Summ           0%         N/A       96%         1
 Call Canine Familiar     Summ           0%         N/A       100%        3
 Confusing Touch          Hex            0%         N/A       100%        3
 Conjure Flame            Conj/Fire      0%         6-21      100%        3
 Inner Flame              Hex/Fire       0%         N/A       100%        3
 Summon Guardian Golem    Hex/Summ       0%         N/A       100%        3
 Vampiric Draining        Necr           0%         2d6       100%        3
 Flame Wave               Conj/Fire      0%         2d4       100%        4


Dungeon Overview and Level Annotations

Branches:
Dungeon (6/15)
 Temple: D:4-7

Altars:
Dithmenos
Elyvilon
Okawaru
Uskayaw
Vehumet
Wu Jian

Shops:
D:2 [?=

Annotations:
D:6 Maggie


Innate Abilities, Weirdness & Mutations

You have a pair of horns on your head.
You reflexively headbutt those who attack you in melee.
You are partially covered in iridescent scales. (AC +2)
You are somewhat resistant to further mutation.


Message History

The bolt of fire hits you!! The fire burns you terribly!
Maggie mumbles some strange words.
Maggie draws you further into her thrall.
You closely miss Maggie. You headbutt Maggie!
Maggie is moderately wounded.
Maggie hits you with a +2 morningstar of flaming.
Maggie burns you.
You hit Maggie.
Maggie is moderately wounded.
Maggie hits you with a +2 morningstar of flaming.
Maggie burns you.
You hit Maggie but do no damage.
Maggie is moderately wounded.
Maggie hits you with a +2 morningstar of flaming.
Maggie burns you.
You barely miss Maggie.
Maggie is moderately wounded.
Maggie hits you but does no damage.
You hit Maggie.
Maggie is moderately wounded.
You slash Maggie! Your headbutt misses Maggie.
Maggie is heavily wounded.
Maggie barely misses you. You furiously retaliate!
You headbutt Maggie. You slash Maggie! You headbutt Maggie, but do no damage.
Maggie is severely wounded.
Maggie gestures at you while chanting. The bolt of fire hits you!
The fire burns you terribly!
* * * LOW HITPOINT WARNING * * *
You slash Maggie! You headbutt Maggie, but do no damage.
Maggie is almost dead.
Maggie hits you with a +2 morningstar of flaming!
* * * LOW HITPOINT WARNING * * *
Maggie burns you.
* * * LOW HITPOINT WARNING * * *
Your magical effects are unravelling.
You feel magically purged.
You break out of your daze.
Maggie gestures at you while chanting. The bolt of fire hits you!!
The fire burns you terribly!
You die...

##.# ###.. #..#
##.#
.....###########
#..# ...#
#............# #..#
####
#.#...######.###..#
#...............# #
#...######.###.## #
##.## ###.# #.# #
#.##....... ..# #
#@........# ### #
#@##.###### .. ..#
# ## #... ..#. .#.
.# ### ##


You could see Maggie.

Vanquished Creatures
  Prince Ribbit (D:5)
  Grinder (D:5)
  Sigmund (D:5)
  2 ogres (D:4)
  2 necrophages
  A phantom (D:6)
  Blork the orc (D:5)
  A scorpion (D:4)
  A jelly (D:4)
  3 wights (D:6)
  2 bullfrog zombies (D:5)
  3 hounds
  A centaur zombie (D:5)
  2 bullfrog skeletons
  A gnoll shaman (D:5)
  An orc priest (D:6)
  A scorpion zombie (D:3)
  Jessica (D:2)
  3 iguanas
  8 gnolls
  A howler monkey skeleton (D:6)
  10 adders
  A white imp (D:5)
  An ufetubus (D:4)
  An adder skeleton (D:4)
  2 worms (D:2)
  2 dart slugs (D:4)
  5 orcs
  7 ball pythons
  2 bats (D:2)
  8 endoplasms
  A giant cockroach (D:2)
  3 goblins
  7 hobgoblins
  2 jackals (D:4)
  5 kobolds
  4 quokkas
  6 frilled lizards
  4 rats
109 creatures vanquished.

Notes
Turn   | Place    | Note
-------+----------+-------------------------------------------
     0 | D:1      | Sanktem7 the Minotaur Fighter began the quest for the Orb.
     0 | D:1      | Reached XP level 1. HP: 19/19 MP: 0/0
   172 | D:1      | Found a faded altar of an unknown god.
   185 | D:1      | Got Plato's Catalogue of Poisoning
   474 | D:1      | Reached XP level 2. HP: 27/27 MP: 1/1
  1094 | D:2      | Noticed Jessica
  1100 | D:2      | Killed Jessica
  1101 | D:2      | Reached skill level 3 in Long Blades
  1101 | D:2      | Reached XP level 3. HP: 30/33 MP: 2/2
  1114 | D:2      | Reached XP level 4. HP: 36/41 MP: 3/3
  1231 | D:2      | Found a hide-covered altar of Uskayaw.
  1346 | D:2      | Reached skill level 4 in Long Blades
  1542 | D:2      | Found Ugimi's Antique Armour Shop.
  1548 | D:2      | Reached skill level 5 in Armour
  1548 | D:2      | Reached XP level 5. HP: 47/47 MP: 4/4
  1680 | D:2      | Found Ozuy's Magic Scroll Emporium.
  1788 | D:2      | Found Buhy's Jewellery Emporium.
  1925 | D:3      | Found a hide-covered altar of Uskayaw.
  2397 | D:3      | Reached skill level 5 in Long Blades
  2525 | D:3      | Found an iron altar of Okawaru.
  2647 | D:4      | Noticed an ogre
  2654 | D:4      | Killed an ogre
  2655 | D:4      | Reached XP level 6. HP: 53/53 MP: 5/5
  2716 | D:4      | Reached skill level 6 in Long Blades
  2716 | D:4      | Reached skill level 1 in Dodging
  2752 | D:4      | Reached skill level 5 in Fighting
  2828 | D:4      | Reached XP level 7. HP: 61/61 MP: 6/6
  3074 | D:4      | Reached skill level 7 in Long Blades
  3569 | D:4      | Gained mutation: You are partially covered in iridescent
                  | scales. (AC +2) [potion of mutation]
  3569 | D:4      | Gained mutation: You are somewhat resistant to further
                  | mutation. [potion of mutation]
  3599 | D:5      | Entered Level 5 of the Dungeon
  3619 | D:5      | Noticed Grinder
  3636 | D:5      | Killed Grinder
  3637 | D:5      | Reached skill level 8 in Long Blades
  4049 | D:5      | Found a white marble altar of Elyvilon.
  4228 | D:5      | Reached XP level 8. HP: 70/70 MP: 7/7
  4435 | D:5      | Noticed Blork the orc
  4444 | D:5      | Killed Blork the orc
  4556 | D:5      | Noticed Sigmund
  4566 | D:5      | Killed Sigmund
  4567 | D:5      | Reached skill level 9 in Long Blades
  4567 | D:5      | Found a shadowy altar of Dithmenos.
  4609 | D:5      | Found an ornate altar of the Wu Jian Council.
  4853 | D:5      | Noticed Prince Ribbit
  4875 | D:5      | Killed Prince Ribbit
  5412 | D:6      | Reached skill level 10 in Long Blades
  5663 | D:6      | Found a radiant altar of Vehumet.
  5736 | D:6      | Reached XP level 9. HP: 76/79 MP: 8/8
  5746 | D:6      | Noticed Maggie
  5758 | D:6      | HP: 1/79 [Maggie (4)]
  5759 | D:6      | Killed from afar by Maggie

Illustrated notes

Levels and vault maps discovered:
D:1:      dpeg_arrival_castle, layout_basic, shapermc_ecumenical_altar_rom_forum
D:2:      layout_loops_ring, basic_altar, serial_shops, nicolae_shop_trees,
          shop, nicolae_shop_behind_doors, minmay_tromino_v4_b, uniq_jessica
D:3:      minmay_evil_eye, layout_loops_ring, mainiacjoe_overflow_alcove_4,
          mainiacjoe_overflow_concentric_impassable, minmay_misc_feat_chi
D:4:      layout_loops_corners, minmay_misc_feat_diagonals
D:5:      layout_layer_cave, nicolae_elyvilon_peaceful_grove,
          grunt_dithmenos_smoke_and_mirrors, nzn_wu_jian_contemplation,
          uniq_grinder, uniq_prince_ribbit1, uniq_blork_the_orc, uniq_sigmund
D:6:      hellmonk_warped_wall, layout_loops_ring, mainiacjoe_overflow_catwalk,
          minmay_temple_entry_glassed_door, uniq_maggie

Skill      XL: |  1  2  3  4  5  6  7  8 |
---------------+-------------------------+-----
Armour         | 4 5 6 8 |  8.5
Fighting       | 4 5 7 |  7.0
Long Blades    | 3 4 5 6 8 10 | 10.1
Dodging        | 1 |  1.5
Shields        | |  3.6

Action                   |  1- 3 |  4- 6 |  7- 9 || total
-------------------------+-------+-------+-------++-------
Melee: Long sword        |    37 |   100 |   129 ||   266
       Headbutt          |     4 |    13 |    27 ||    44
       Scimitar          |       |       |    21 ||    21
  Use: Scroll            |       |     4 |     5 ||     9
       Potion            |       |       |     3 ||     3
Armor: Scale mail        |    14 |    54 |    21 ||    89
       Chain mail        |       |       |    47 ||    47
Dodge: Dodged            |    15 |    53 |    59 ||   127
Block: Buckler           |    11 |    25 |    34 ||    70
